BLB
BATAVIA MUCKDOGS @ BALTIMORE BULLDOGS
08/13/2059
 
TOP OF THE 1ST
Batavia Muckdogs batting - Pitching for Baltimore Bulldogs : RHP Oliver Lanham
Pitching: RHP Oliver Lanham
Batting: RHB Robbie McGath 0-0: Foul Ball, location: 2F
0-1: Ball
1-1: Ball
2-1: Ball
3-1: Base on Balls
Batting: RHB R.J. McCarthy 0-0: Ball
1-0: Foul Ball, location: 2F
1-1: Ball
2-1: Ball
3-1: Base on Balls
Robbie McGath to second
Batting: LHB Donald Dworkin 0-0: Foul Ball, location: 2F
0-1: Ball
1-1: Swinging Strike
1-2: SINGLE (Groundball, 56S, EV 72.5 MPH) (infield hit)
Robbie McGath to third
R.J. McCarthy to second
Batting: LHB Edward Schachter 0-0: Called Strike
0-1: Called Strike
0-2: Grounds into double play, 6-4-3 (Groundball, 6, EV 81.2 MPH)
Robbie McGath scores
R.J. McCarthy to third
Batting: RHB Wade Cummins 0-0: Ball
1-0: Ball
2-0: Called Strike
2-1: Swinging Strike
2-2: Strikes out swinging
Top of the 1st over - 1 run, 1 hit, 0 errors, 1 left on base; Batavia 1 - Baltimore 0
BOTTOM OF THE 1ST
Baltimore Bulldogs batting - Pitching for Batavia Muckdogs : RHP Stephen Reece
Pitching: RHP Stephen Reece
Batting: LHB Justin Castiglioni 0-0: Called Strike
0-1: Fly out, F8 (Flyball, 8RM, EV 90.6 MPH)
Batting: RHB Joseph Olsen 0-0: Ball
1-0: Ball
2-0: Ball
3-0: Called Strike
3-1: Foul Ball, location: 2F
3-2: Strikes out looking
Batting: LHB Kentrellis Donciu 0-0: Called Strike
0-1: Foul Ball, location: 2F
0-2: Reached on error, E6 (Groundball, 6, EV 88.8 MPH)
Batting: SHB Val Schmit 0-0: Ball
1-0: Ball
2-0: Swinging Strike
2-1: Called Strike
2-2: Fly out, F8 (Flyball, 8LXD, EV 76.2 MPH)
Bottom of the 1st over - 0 runs, 0 hits, 1 error, 1 left on base; Batavia 1 - Baltimore 0
TOP OF THE 2ND
Batavia Muckdogs batting - Pitching for Baltimore Bulldogs : RHP Oliver Lanham
Batting: LHB Carl Brinkley 0-0: Called Strike
0-1: Ball
1-1: Ball
2-1: Ball
3-1: Swinging Strike
3-2: Foul Ball, location: 2F
3-2: Base on Balls
Batting: RHB Julius McCurdy 0-0: Called Strike
0-1: Swinging Strike
0-2: Ball
1-2: Ball
2-2: DOUBLE (Groundball, 5L, EV 102.5 MPH)
Carl Brinkley to third
Batting: RHB Colby Cooper 0-0: Foul Ball, location: 2F
0-1: Called Strike
0-2: Strikes out swinging
Batting: RHB Destin Fransen 0-0: Ball
1-0: Called Strike
1-1: Ball
2-1: Foul Ball, location: 2F
2-2: Foul Ball, location: 2F
2-2: Strikes out looking
Batting: RHB Robbie McGath 0-0: Foul Ball, location: 2F
0-1: Ball
1-1: Fly out, F7 (Flyball, 7, EV 91.9 MPH)
Top of the 2nd over - 0 runs, 1 hit, 0 errors, 2 left on base; Batavia 1 - Baltimore 0
BOTTOM OF THE 2ND
Baltimore Bulldogs batting - Pitching for Batavia Muckdogs : RHP Stephen Reece
Batting: LHB Owen Keimig 0-0: Fly out, F8 (Flyball, 78M, EV 83.8 MPH)
Batting: SHB Cole Watson 0-0: Ground out 4-3 (Groundball, 34D, EV 103.1 MPH)
Batting: LHB Vince Ridgway 0-0: Ball
1-0: Ball
2-0: Ground out 6-3 (Groundball, 6, EV 85.6 MPH)
Bottom of the 2nd over - 0 runs, 0 hits, 0 errors, 0 left on base; Batavia 1 - Baltimore 0
TOP OF THE 3RD
Batavia Muckdogs batting - Pitching for Baltimore Bulldogs : RHP Oliver Lanham
Batting: RHB R.J. McCarthy 0-0: Ball
1-0: Fly out, F8 (Flyball, 8RD, EV 91.9 MPH)
Batting: LHB Donald Dworkin 0-0: Ball
1-0: Foul Ball, location: 2F
1-1: Foul Ball, location: 2F
1-2: Ball
2-2: SOLO HOME RUN (Flyball, 9D, EV 100.6 MPH), Distance : 406 ft
Batting: LHB Edward Schachter 0-0: Ball
1-0: SINGLE (Line Drive, 78S, EV 108.8 MPH)
Batting: RHB Wade Cummins 0-0: Foul Ball, location: 2F
0-1: Ball
1-1: Fielders Choice at 2nd, 3-6 (Groundball, 3, EV 86.9 MPH)
Batting: LHB Carl Brinkley 0-0: Called Strike
Wade Cummins steals 2nd base
0-1: DOUBLE (Groundball, 3L, EV 103.8 MPH)
Wade Cummins scores
Batting: RHB Julius McCurdy 0-0: Swinging Strike
0-1: Foul Ball, location: 2F
0-2: Ball
1-2: Foul Ball, location: 2F
1-2: Fly out, F7 (Line Drive, 7, EV 101.9 MPH)
Top of the 3rd over - 2 runs, 3 hits, 0 errors, 1 left on base; Batavia 3 - Baltimore 0
BOTTOM OF THE 3RD
Baltimore Bulldogs batting - Pitching for Batavia Muckdogs : RHP Stephen Reece
Batting: RHB Kyle Dodiry 0-0: Foul Ball, location: 2F
0-1: Ball
1-1: Foul Ball, location: 2F
1-2: Ball
2-2: Ball
3-2: Fly out, F7 (Flyball, 7LS, EV 73.1 MPH)
Batting: RHB Stephen Cuff 0-0: Ball
1-0: Called Strike
1-1: SINGLE (Groundball, 56, EV 93.8 MPH)
Batting: LHB Justin Castiglioni 0-0: Called Strike
0-1: Ball
1-1: Grounds into double play, 4-6-3 (Groundball, 4, EV 85.6 MPH)
Bottom of the 3rd over - 0 runs, 1 hit, 0 errors, 0 left on base; Batavia 3 - Baltimore 0
TOP OF THE 4TH
Batavia Muckdogs batting - Pitching for Baltimore Bulldogs : RHP Oliver Lanham
Batting: RHB Colby Cooper 0-0: Ball
1-0: Called Strike
1-1: Ball
2-1: Ball
3-1: Fly out, F3 (Popup, 3F, EV 62.5 MPH)
Batting: RHB Destin Fransen 0-0: Fly out, F8 (Line Drive, 8LD, EV 105.0 MPH)
Batting: RHB Robbie McGath 0-0: Ball
1-0: Foul Ball, location: 2F
1-1: Ground out 6-3 (Groundball, 6S, EV 72.5 MPH)
Top of the 4th over - 0 runs, 0 hits, 0 errors, 0 left on base; Batavia 3 - Baltimore 0
BOTTOM OF THE 4TH
Baltimore Bulldogs batting - Pitching for Batavia Muckdogs : RHP Stephen Reece
Batting: RHB Joseph Olsen 0-0: Bunted foul
0-1: Ball
1-1: DOUBLE (Line Drive, 89XD, EV 101.9 MPH)
Batting: LHB Kentrellis Donciu 0-0: Ball
1-0: Ball
2-0: Ball
3-0: Called Strike
3-1: Swinging Strike
3-2: Base on Balls
Batting: SHB Val Schmit 0-0: Ball
1-0: SINGLE (Groundball, 4MD, EV 97.5 MPH)
Joseph Olsen to third
Kentrellis Donciu to second
Batting: LHB Owen Keimig 0-0: Called Strike
0-1: Foul Ball, location: 2F
0-2: Foul Ball, location: 2F
0-2: Ball
1-2: Grounds into double play, 3-6-3 (Groundball, 3, EV 103.8 MPH)
Joseph Olsen scores
Kentrellis Donciu to third
Batting: SHB Cole Watson 0-0: Fly out, F8 (Line Drive, 8RM, EV 97.5 MPH)
Bottom of the 4th over - 1 run, 2 hits, 0 errors, 1 left on base; Batavia 3 - Baltimore 1
TOP OF THE 5TH
Batavia Muckdogs batting - Pitching for Baltimore Bulldogs : RHP Oliver Lanham
Batting: RHB R.J. McCarthy 0-0: Ball
1-0: DOUBLE (Flyball, 8RXD, EV 103.8 MPH)
Batting: LHB Donald Dworkin 0-0: Intentional Walk
Batting: LHB Edward Schachter 0-0: Swinging Strike
0-1: Foul Ball, location: 2F
0-2: Ball
1-2: Foul Ball, location: 2F
1-2: Ball
2-2: Ball
3-2: Base on Balls
R.J. McCarthy to third
Donald Dworkin to second
Batting: RHB Wade Cummins 0-0: Ball
1-0: Ball
2-0: Called Strike
2-1: Swinging Strike
2-2: Ball
3-2: Strikes out swinging
Batting: LHB Carl Brinkley 0-0: Ball
1-0: SINGLE (Groundball, 34, EV 103.1 MPH)
R.J. McCarthy scores
Donald Dworkin to third
Edward Schachter to second
Runner from 3rd tries for Home, throw by RF and OUT! 9-2
Batting: RHB Julius McCurdy 0-0: Ball
1-0: Ball
2-0: Ball
3-0: Called Strike
3-1: Called Strike
3-2: Ground out 6-3 (Groundball, 6, EV 99.4 MPH)
Top of the 5th over - 1 run, 2 hits, 0 errors, 2 left on base; Batavia 4 - Baltimore 1
BOTTOM OF THE 5TH
Baltimore Bulldogs batting - Pitching for Batavia Muckdogs : RHP Stephen Reece
Batting: LHB Vince Ridgway 0-0: Ball
1-0: Ground out 4-3 (Groundball, 4, EV 81.2 MPH)
Batting: RHB Kyle Dodiry 0-0: Ball
1-0: Reached on error, E1 (Groundball, 34S, EV 67.5 MPH)
Batting: RHB Stephen Cuff 0-0: Ball
1-0: Ball
2-0: Ball
3-0: Called Strike
3-1: Ground out 4-3 (Groundball, 4, EV 95.6 MPH)
Kyle Dodiry to third
Batting: LHB Justin Castiglioni 0-0: Called Strike
0-1: Ball
1-1: Swinging Strike
1-2: Ground out 5-3 (Groundball, 56S, EV 83.8 MPH)
Bottom of the 5th over - 0 runs, 0 hits, 1 error, 1 left on base; Batavia 4 - Baltimore 1
TOP OF THE 6TH
Batavia Muckdogs batting - Pitching for Baltimore Bulldogs : RHP Oliver Lanham
Pitching: LHP Carl Vertullo
Batting: RHB Colby Cooper 0-0: Foul Ball, location: 2F
0-1: Ball
1-1: Ball
2-1: Foul Ball, location: 2F
2-2: Ground out 5-3 (Groundball, 56S, EV 85.6 MPH)
Batting: RHB Destin Fransen 0-0: Ball
1-0: Ball
2-0: Swinging Strike
2-1: Swinging Strike
2-2: Fly out, F8 (Flyball, 8RM, EV 83.8 MPH)
Batting: RHB Robbie McGath 0-0: Ball
1-0: Ground out 6-3 (Groundball, 6, EV 106.2 MPH)
Top of the 6th over - 0 runs, 0 hits, 0 errors, 0 left on base; Batavia 4 - Baltimore 1
BOTTOM OF THE 6TH
Baltimore Bulldogs batting - Pitching for Batavia Muckdogs : RHP Stephen Reece
Batting: RHB Joseph Olsen 0-0: Called Strike
0-1: Ball
1-1: Ground out 1-3 (Groundball, 15S, EV 73.1 MPH)
Batting: LHB Kentrellis Donciu 0-0: Ball
1-0: Ball
2-0: Ball
3-0: Called Strike
3-1: Base on Balls
Batting: SHB Val Schmit 0-0: Ball
1-0: Foul Ball, location: 2F
1-1: Ball
2-1: Foul Ball, location: 2F
2-2: 2-RUN HOME RUN (Line Drive, 78XD, EV 110.0 MPH), Distance : 416 ft
Pitching: LHP Dalton Chadwick
Batting: LHB Owen Keimig 0-0: Called Strike
0-1: Foul Ball, location: 2F
0-2: Ball
1-2: Strikes out looking
Batting: SHB Cole Watson 0-0: Fly out, F8 (Flyball, 8RD, EV 88.8 MPH)
Bottom of the 6th over - 2 runs, 1 hit, 0 errors, 0 left on base; Batavia 4 - Baltimore 3
TOP OF THE 7TH
Batavia Muckdogs batting - Pitching for Baltimore Bulldogs : LHP Carl Vertullo
Batting: RHB R.J. McCarthy 0-0: Foul Ball, location: 2F
0-1: Ball
1-1: Swinging Strike
1-2: Foul Ball, location: 2F
1-2: Foul Ball, location: 2F
1-2: Foul Ball, location: 2F
1-2: Foul Ball, location: 2F
1-2: Foul Ball, location: 2F
1-2: Strikes out swinging
Batting: LHB Donald Dworkin 0-0: Ball
1-0: Ball
2-0: Ball
3-0: Called Strike
3-1: Called Strike
3-2: SINGLE (Groundball, 4MS, EV 90.0 MPH) (infield hit)
Batting: LHB Edward Schachter 0-0: Foul Ball, location: 2F
0-1: Ball
1-1: Ball
2-1: Ground out 4-3 (Groundball, 34S, EV 81.9 MPH)
Donald Dworkin to second
Batting: RHB Wade Cummins 0-0: Intentional Walk
Batting: LHB Carl Brinkley 0-0: Ball
1-0: Swinging Strike
1-1: Ball
2-1: Foul Ball, location: 2F
2-2: Strikes out looking
Top of the 7th over - 0 runs, 1 hit, 0 errors, 2 left on base; Batavia 4 - Baltimore 3
BOTTOM OF THE 7TH
Baltimore Bulldogs batting - Pitching for Batavia Muckdogs : LHP Dalton Chadwick
Batting: LHB Vince Ridgway 0-0: Called Strike
0-1: Ball
1-1: Ball
2-1: Ball
3-1: Base on Balls
Batting: RHB Kyle Dodiry 0-0: Called Strike
0-1: Called Strike
0-2: Ball
1-2: Ball
2-2: Foul Ball, location: 2F
2-2: Ball
3-2: DOUBLE (Flyball, 8LXD, EV 98.8 MPH)
Vince Ridgway to third
Vince Ridgway scores
Batting: RHB Stephen Cuff 0-0: Sac Bunt to 25 - play at first, batter OUT! 5-3
Kyle Dodiry to third
Pinch Hitting: RHB Tommie Adamson 0-0: Ball
1-0: Called Strike
1-1: Ball
2-1: TRIPLE (Flyball, 78XD, EV 93.8 MPH)
Kyle Dodiry scores
Batting: RHB Joseph Olsen 0-0: Foul Ball, location: 2F
0-1: Ball
1-1: Foul Ball, location: 2F
1-2: DOUBLE (Line Drive, 7LM, EV 108.1 MPH)
Tommie Adamson scores
Batting: LHB Kentrellis Donciu 0-0: Called Strike
0-1: Ball
1-1: Foul Ball, location: 2F
1-2: Ball
2-2: Ball
3-2: Strikes out looking
Pitching: RHP Greg Suplee
Batting: SHB Val Schmit 0-0: Foul Ball, location: 2F
0-1: Ball
1-1: Ball
2-1: 2-RUN HOME RUN (Line Drive, 89XD, EV 115.0 MPH), Distance : 443 ft
Batting: LHB Owen Keimig 0-0: Ball
1-0: Ball
2-0: Ball
3-0: Called Strike
3-1: Called Strike
3-2: Fly out, F7 (Line Drive, 78D, EV 95.6 MPH)
Bottom of the 7th over - 5 runs, 4 hits, 0 errors, 0 left on base; Batavia 4 - Baltimore 8
TOP OF THE 8TH
Batavia Muckdogs batting - Pitching for Baltimore Bulldogs : LHP Carl Vertullo
Now at 1B: Owen Keimig
Now at 2B: Peter Clothier
Now in LF: Tommie Adamson
Batting: RHB Julius McCurdy 0-0: Ground out 5-3 (Groundball, 56S, EV 68.8 MPH)
Batting: RHB Colby Cooper 0-0: Called Strike
0-1: Foul Ball, location: 2F
0-2: Strikes out swinging
Batting: RHB Destin Fransen 0-0: Swinging Strike
0-1: Ball
1-1: Foul Ball, location: 2F
1-2: Strikes out looking
Top of the 8th over - 0 runs, 0 hits, 0 errors, 0 left on base; Batavia 4 - Baltimore 8
BOTTOM OF THE 8TH
Baltimore Bulldogs batting - Pitching for Batavia Muckdogs : RHP Greg Suplee
Batting: SHB Cole Watson 0-0: DOUBLE (Groundball, 3L, EV 94.4 MPH)
Batting: LHB Vince Ridgway 0-0: Ball
1-0: Ball
2-0: Sac Bunt to 15S - play at first, batter OUT! 1-3
Cole Watson to third
Batting: RHB Kyle Dodiry 0-0: Ball
1-0: Called Strike
1-1: Swinging Strike
1-2: Ball
2-2: Ball
3-2: Ground out 6-3 (Groundball, 56, EV 109.4 MPH)
Cole Watson scores
Batting: RHB Stephen Cuff 0-0: Ball
1-0: Ball
2-0: Called Strike
2-1: Foul Ball, location: 2F
2-2: Ball
3-2: SINGLE (Line Drive, 78S, EV 106.2 MPH)
Batting: RHB Tommie Adamson 0-0: Called Strike
0-1: Ball
1-1: Ball
2-1: Fly out, F9 (Flyball, 9, EV 85.0 MPH)
Bottom of the 8th over - 1 run, 2 hits, 0 errors, 1 left on base; Batavia 4 - Baltimore 9
TOP OF THE 9TH
Batavia Muckdogs batting - Pitching for Baltimore Bulldogs : LHP Carl Vertullo
Batting: RHB Robbie McGath 0-0: Called Strike
0-1: SINGLE (Groundball, 34D, EV 100.0 MPH)
Pitching: LHP Rakeem Senegal
Batting: RHB R.J. McCarthy 0-0: Called Strike
0-1: Foul Ball, location: 2F
0-2: Foul Ball, location: 2F
0-2: Ball
1-2: Foul Ball, location: 2F
1-2: Strikes out swinging
Batting: LHB Donald Dworkin 0-0: Ball
1-0: Foul Ball, location: 2F
1-1: Ball
2-1: Ball
3-1: Foul Ball, location: 2F
3-2: SINGLE (Groundball, 5S, EV 68.1 MPH) (infield hit)
Robbie McGath to second
Batting: LHB Edward Schachter 0-0: Fly out, F8 (Flyball, 8LD, EV 88.1 MPH)
Batting: RHB Wade Cummins 0-0: Ball
1-0: Swinging Strike
1-1: Called Strike
1-2: Strikes out swinging
Top of the 9th over - 0 runs, 2 hits, 0 errors, 2 left on base; Batavia 4 - Baltimore 9
Saturday, March 23rd , 2024 - OOTP Baseball 23.10 Build 110